 Dungeon Crawl Stone Soup version 0.18.1-8-gdd0e5ea (webtiles) character file.

84 Jerry the Skirmisher (level 4, -2/35 HPs)
             Began as a Demonspawn Fighter on May 23, 2016.
             Killed from afar by an orc wizard (4 damage)
             ... with a magic dart
             ... on level 3 of the Dungeon.
             The game lasted 00:05:04 (2045 turns).

Jerry the Skirmisher (Demonspawn Fighter)           Turns: 2045, Time: 00:05:04

Health: -2/35      AC: 11    Str: 18    XL:     4   Next: 24%
Magic:  4/4        EV:  7    Int:  9    God:
Gold:   118        SH:  0    Dex: 12    Spells: 0 memorised, 3 levels left

rFire  . . .     SeeInvis .     a - +0 flail
rCold  . . .     Gourm    .     b - +0 scale mail
rNeg   . . .     Faith    .     c - +0 shield
rPois  .         Spirit   .     (no helmet)
rElec  .         Dismiss  .     (no cloak)
rCorr  .         Reflect  .     i - +0 pair of gloves
SustAt .         Harm     .     (no boots)
MR     .....                    (no amulet)
Stlth  ..........               (no ring)
                                (no ring)

@: confused, not resistant to hostile enchantments, extremely unstealthy
A: iridescent scales 1, rot immunity
a: no special abilities


You were on level 3 of the Dungeon.
You were not hungry.

You visited 1 branch of the dungeon, and saw 3 of its levels.

You collected 118 gold pieces.

Inventory:

Hand Weapons
 a - a +0 flail (weapon)
Armour
 b - a +0 scale mail (worn)
 c - a +0 shield (worn)
 i - a +0 pair of gloves (worn)
Scrolls
 g - a scroll of teleportation {unknown}
 h - a scroll of fear {unknown}
 l - a scroll of immolation {unknown}
 m - 2 scrolls of identify {unknown}
 o - a scroll of fog {unknown}
Potions
 d - a potion of might
 e - 2 potions of brilliance {unknown}
 j - a potion of curing {unknown}
 k - a potion of beneficial mutation {unknown}
Comestibles
 f - a bread ration
 p - a meat ration
 q - a beef jerky


   Skills:
 + Level 3.5 Fighting
 + Level 2.0 Maces & Flails
 + Level 3.1 Armour
 + Level 1.0 Dodging
 + Level 3.5 Shields


You had 3 spell levels left.
You didn't know any spells.

Dungeon Overview and Level Annotations

Branches:
Dungeon (3/15)

Altars:
Dithmenos


Innate Abilities, Weirdness & Mutations

You are partially covered in iridescent scales (AC +4).
You are immune to rotting.


Message History

The orc wizard gestures at you while chanting.
The magic dart hits you!
You bump into the rock wall.
The orc wizard points at you and mumbles some strange words.
You are more confused.
You bump into the rock wall.
The orc wizard gestures at you while chanting.
You are more confused.
You bump into the rock wall.
The orc wizard points at you and mumbles some strange words.
The puff of flame hits you!
* * * LOW HITPOINT WARNING * * *
The orc wizard points at you and mumbles some strange words.
The puff of flame hits you!
* * * LOW HITPOINT WARNING * * *
The orc hits you from afar with a trident.
* * * LOW HITPOINT WARNING * * *
The orc wizard gestures at you while chanting.
The magic dart hits you!
You die...

#.##
#......#.....# ..
##'#####.....#
#####......)....#
#.......###.....#
+.....).###.....#
#.......#.'.....#
#.......#.#.....#
#####.###.#######
#.# #@# ###.. ..#
#.####o..... ...
#.o.oo......
######g##### #


You could see an orc wizard.

Vanquished Creatures
  2 adders (D:2)
  An ooze (D:3)
  2 dart slugs
  A giant gecko (D:3)
  11 bats
  4 giant cockroaches
  3 goblins
  9 hobgoblins
  5 jackals
  A ball python (D:2)
  3 giant newts (D:1)
  6 kobolds
  4 rats
52 creatures vanquished.

Notes
Turn   | Place    | Note
--------------------------------------------------------------
     0 | D:1      | Jerry the Demonspawn Fighter began the quest for the Orb.
     0 | D:1      | Reached XP level 1. HP: 18/18 MP: 1/1
   305 | D:1      | Gained mutation: You are immune to rotting. [demonic ancestry]
   305 | D:1      | Reached XP level 2. HP: 24/24 MP: 2/2
   862 | D:2      | Reached XP level 3. HP: 21/29 MP: 3/3
  1507 | D:2      | Reached skill level 1 in Dodging
  1700 | D:2      | Found a shadowy altar of Dithmenos.
  1817 | D:2      | Gained mutation: You are partially covered in iridescent scales (AC +4). [demonic ancestry]
  1817 | D:2      | Reached XP level 4. HP: 35/35 MP: 4/4
  2045 | D:3      | Killed from afar by an orc wizard

Skill      XL: |  1  2  3 |
---------------+----------+-----
Shields        | 3 |  3.5
Armour         | 3 |  3.1
Maces & Flails | 2 |  2.0
Dodging        | 1 |  1.0
Fighting       | |  3.5

Action                   |  1- 3 |  4- 6 || total
-------------------------+-------+-------++-------
Melee: Flail             |   184 |    39 ||   223
  Eat: Chunk             |     3 |     1 ||     4
Armor: Scale mail        |   128 |    20 ||   148
Dodge: Dodged            |    62 |    16 ||    78
Block: Shield            |    99 |    25 ||   124
